 Dungeon Crawl Stone Soup version 0.31-a0-1363-g282adc6 (webtiles) character file.

Game seed: 1475477275814358881

312 slimemold the Apothecary (level 6, 0/36 HPs)
             Began as an Octopode Alchemist on Dec 23, 2023.
             Slain by a gnoll sergeant
             ... wielding a +2 heavy spear
              (10 damage)
             ... on level 5 of the Dungeon.
             The game lasted 00:18:23 (3831 turns).

slimemold the Apothecary (Octopode Alchemist)       Turns: 3831, Time: 00:18:23

Health: 0/36       AC:  5    Str:  8    XL:     6   Next: 42%
Magic:  0/11       EV: 13    Int: 19    God:
Gold:   314        SH:  0    Dex: 12    Spells: 5/11 levels left

rFire   . . .        n - +1 short sword (drain)
rCold   . . .        (no shield)
rNeg    . . .        (helmet restricted)
rPois   .            q - amulet of the acrobat
rElec   .            d - +4 ring of protection
rCorr   .            h - ring of wizardry
SInv    .            (no ring)
Will    .....        (no ring)
Stlth   +++          (no ring)
HPRegen 0.26/turn    (no ring)
MPRegen 0.12/turn    (no ring)
                     (no ring)

%: acrobat, wizardry (x1)
@: no status effects
A: almost no armour, amphibious, 8 rings, camouflage 1, gelatinous body 1,
(nimble swimmer 1), tentacles
a: no special abilities


You were on level 5 of the Dungeon.
You visited 1 branch of the dungeon, and saw 5 of its levels.

You collected 314 gold pieces.

Inventory:

Hand Weapons
 n - a +1 short sword of draining (weapon)
Missiles
 i - 20 poisoned darts
Magical Staves
 b - a staff of fire
Jewellery
 d - a +4 ring of protection (left tentacle)
 h - a ring of wizardry (right tentacle)
 q - an amulet of the acrobat (around mantle)
Scrolls
 c - 2 scrolls of silence {unknown}
 e - 2 scrolls of fear {unknown}
 g - 2 scrolls of revelation {unknown}
 j - 4 scrolls of identify {unknown}
 k - a scroll of teleportation {unknown}
 s - a scroll of enchant armour {unknown}
 t - a scroll of noise {unknown}
Potions
 a - a potion of magic
 f - 2 potions of lignification {unknown}
 l - 2 potions of haste {unknown}
 m - a potion of brilliance {unknown}
 o - a potion of might {unknown}
 p - 2 potions of curing
 r - a potion of degeneration {unknown}
 u - 2 potions of enlightenment {unknown}


   Skills:
 + Level 0.4 Staves
 + Level 2.7 Dodging
 - Level 3.0 Stealth
 + Level 3.3 Spellcasting
 + Level 3.1 Conjurations
 + Level 5.3 Alchemy


You had 5 spell levels left.
You knew the following spells:

 Your Spells              Type           Power      Damage    Failure   Level
a - Sting                 Conj/Alch      76%        1d7       1%          1
b - Mercury Vapours       Alch/Air       26%        N/A       3%          2
c - Mephitic Cloud        Conj/Alch/Air  13%        N/A       6%          3

Your spell library contained the following spells:

 Spells                   Type           Power      Damage    Failure   Level
 Olgreb's Toxic Radiance  Alch           23%        N/A       7%          4
 Inner Flame              Hex/Fire       3%         N/A       17%         3
 Sticky Flame             Fire/Alch      13%        2d5       21%         4
 Flame Wave               Conj/Fire      9%         2d6       28%         4


Dungeon Overview and Level Annotations

Branches:
Dungeon (5/15)
 Temple: D:4-7

Altars:
Makhleb
Yredelemnul

Shops:
D:3 :   D:4 *


Innate Abilities, Weirdness & Mutations

You cannot wear most types of armour.
You are amphibious.
You can wear up to eight rings at the same time.
Your skin changes colour to match your surroundings (Stealth+).
Your rubbery body absorbs attacks. (AC +1, EV +1)
((You are camouflaged when in or above water. (Stealth+)))
You have tentacles for arms and can constrict up to eight enemies at once.


Message History

a +0 spear of venom; a gnoll corpse A gnoll sergeant is nearby!
Things that are here:
a +0 spear; a gnoll corpse; a worm corpse The gnoll sergeant blocks the sting.
The sting hits the gnoll sergeant but does no damage.
The gnoll sergeant is poisoned.
The sting hits the gnoll sergeant.
The gnoll sergeant looks even sicker.
The gnoll sergeant is lightly wounded.
The gnoll sergeant hits you from afar with a +2 heavy spear!
Things that are here:
a +0 club; a gnoll corpse
Things that are here:
a +0 whip of electrocution; a gnoll corpse You are too injured to fight recklessly!
Aiming: Sting (safe; 1% risk of failure)
Press: ? - help, Q - select action, (/) - cycle Shift-Dir - straight line, f/p - gnoll sergeant
Aim: a gnoll sergeant, wielding a +2 heavy spear, wearing a +0 scale mail and wearing a +0 kite shield (moderately wounded, very poisoned, 84% to hit)
The gnoll sergeant blocks the sting.
The gnoll sergeant attacks as it pursues you!
The gnoll sergeant completely misses you.
The gnoll sergeant attacks as it pursues you!
The gnoll sergeant hits you from afar with a +2 heavy spear!
* * * LOW HITPOINT WARNING * * *
You are too injured to fight recklessly!
Aiming: Sting (safe; 1% risk of failure)
Press: ? - help, Q - select action, (/) - cycle Shift-Dir - straight line, p - gnoll sergeant
Okay, then.
It was a potion of curing.
You feel better.
Aiming: Sting (safe; 1% risk of failure)
Press: ? - help, Q - select action, (/) - cycle Shift-Dir - straight line, f/p - gnoll sergeant
Aim: a gnoll sergeant, wielding a +2 heavy spear, wearing a +0 scale mail and wearing a +0 kite shield (heavily wounded, poisoned, 84% to hit)
Okay, then.
Aiming: Sting (safe; 1% risk of failure)
Press: ? - help, Q - select action, (/) - cycle Shift-Dir - straight line, f/p - gnoll sergeant
Aim: a gnoll sergeant, wielding a +2 heavy spear, wearing a +0 scale mail and wearing a +0 kite shield (heavily wounded, poisoned, 84% to hit)
The sting misses the gnoll sergeant.
The gnoll sergeant looks more healthy.
The gnoll sergeant hits you from afar with a +2 heavy spear!
You die...

. ... . .. # ######### .
...# #.......# . . .
#.......# . .#..#
#.......####....
gg#.#####.......@.......
#g..............###.....
..## #........g.# ...
#g<# ##.......# .
##.#########.####
......))..))..####.#
###..#######..[....#
##..# #..#...## ##.#
##.#.#...


You could see a gnoll sergeant.

Vanquished Creatures
  A hound (D:5)
  A jelly (D:4)
  An iguana (D:3)
  A sleepcap (D:5)
  5 gnolls (D:5)
  5 adders
  2 bombardier beetles
  A white imp (D:4)
  2 worms
  2 dart slugs (D:2)
  6 orcs
  6 endoplasms
  2 giant cockroaches (D:1)
  6 hobgoblins
  5 jackals (D:1)
  6 kobolds
  4 quokkas (D:1)
  6 ball pythons
  6 bats
  4 frilled lizards
  3 goblins (D:1)
  2 rats
77 creatures vanquished.

Notes
Turn   | Place    | Note
-------+----------+-------------------------------------------
     0 | D:1      | slimemold the Octopode Alchemist began the quest for the
                  | Orb.
     0 | D:1      | Reached XP level 1. HP: 11/11 MP: 3/3
    88 | D:1      | Reached XP level 2. HP: 17/17 MP: 0/5
   584 | D:1      | Reached XP level 3. HP: 21/21 MP: 6/6
   598 | D:1      | Learned a level 2 spell: Mercury Vapours
  1216 | D:1      | Learned a level 3 spell: Mephitic Cloud
  1414 | D:2      | Reached skill level 4 in Alchemy
  1438 | D:2      | Found a basalt altar of Yredelemnul.
  1448 | D:2      | Reached XP level 4. HP: 27/27 MP: 5/8
  1506 | D:2      | Found a faded altar of an unknown god.
  2315 | D:3      | Found a burning altar of Makhleb.
  2414 | D:3      | Reached XP level 5. HP: 29/31 MP: 3/9
  2508 | D:3      | Found Xafut's Book Shop.
  3590 | D:4      | Found Zuykahej's CLEARANCE SALE!.
  3714 | D:5      | Entered Level 5 of the Dungeon
  3742 | D:5      | Reached skill level 5 in Alchemy
  3742 | D:5      | Reached XP level 6. HP: 22/36 MP: 0/10
  3831 | D:5      | Slain by a gnoll sergeant

Illustrated notes

Levels and vault maps discovered:
D:1:      dpeg_arrival_short_road, layout_basic, minmay_octomino_e4
D:2:      layout_loops_ring, shapermc_ecumenical_altar_petra, basic_altar,
          minmay_misc_feat_alley
D:3:      layout_loops_ring, amcnicky_altar_gilded, serial_shops,
          nicolae_shop_just_a_little_nook, kennysheep_minor_cross,
          nicolae_twisty_statue_hallways
D:4:      layout_rooms, nicolae_shop_clearance
D:5:      layout_rooms, uniq_crazy_yiuf_cottage

Skill      XL: |  1  2  3  4  5  6 |
---------------+-------------------+-----
Stealth        | 3 |  3.0
Alchemy        | 4 5 |  5.3
Conjurations   | 2 3 |  3.1
Spellcasting   | 3 |  3.3
Staves         | |  0.4
Dodging        | |  2.7

Action                     |  1- 3 |  4- 6 || total
---------------------------+-------+-------++-------
  Melee: Staff             |    29 |     5 ||    34
         Constrict         |     8 |    10 ||    18
         Tentacles         |     4 |     8 ||    12
         Short sword       |       |    29 ||    29
   Cast: Sting             |    47 |    81 ||   128
         Mephitic Cloud    |       |     3 ||     3
    Use: Potion            |       |     1 ||     1
   Stab: Sleeping          |     2 |       ||     2
 Armour: Skin              |    16 |    19 ||    35
  Dodge: Dodged            |    14 |    21 ||    35

Table legend: (Time is in decaauts)
 A = Elapsed time spent in this place.
 B = Non-inter-level travel time spent in this place.
 C = Inter-level travel time spent in this place.
 D = Time resting spent in this place.
 E = Time spent auto-exploring this place.
 F = Levels seen in this place.
 G = Mean time per level.
                   A        B        C        D        E       F      G
               +--------+--------+--------+--------+--------+-----+--------+
         Total |   3834 |   3735 |     99 |      0 |   3143 |   5 |  766.8 |
       Dungeon |   3834 |   3735 |     99 |      0 |   3143 |   5 |  766.8 |
               +--------+--------+--------+--------+--------+-----+--------+

Top non-repeatable levels by time:
     D:1: 1220 daAuts
     D:2: 1046 daAuts
     D:3: 824 daAuts
     D:4: 625 daAuts
     D:5: 116 daAuts
